 Dungeon Sprint DCSS version 0.18-a0-1788-g92de1ac (webtiles) character file.

73630 Kidiri the Impregnable (level 15, -1/146 HPs)
             Began as a Minotaur Fighter on Apr 20, 2016.
             Was the Champion of Okawaru.
             Killed from afar by an Ice Fiend (21 damage)
             ... with a bolt of cold
             ... summoned by a lich
             ... in the Dungeon (Sprint VII: "The Pits").
             The game lasted 00:39:32 (5608 turns).

Kidiri the Impregnable (Minotaur Fighter)           Turns: 5608, Time: 00:39:32

Health: -1/146     AC: 36    Str: 29    XL:     15   Next: 4%
Magic:  21/23      EV: 18    Int:  7    God:    Okawaru [******]
Gold:   50         SH: 26    Dex: 10    Spells: 0 memorised, 14 levels left

rFire  + . .     SeeInvis .     O - +9 eveningstar "Allyulext" {crush, +Rage rN+++ Str-2 Int+2}
rCold  + . .     Gourm    .     X - +3 gold dragon armour
rNeg   + + +     Faith    .     Y - +0 large shield
rPois  +         Spirit   .     (helmet restricted)
rElec  .         Dismiss  .     H - +1 cloak
rCorr  .         Reflect  .     b - +1 pair of gloves {archery}
SustAt .         Harm     .     R - +1 pair of boots {run}
MR     +....     NoTele   +     (no amulet)
Stlth  ..........               F - +3 ring of protection (curse)
                                M - ring of Royalty {EV+2 Str+4}

@: lethally poisoned (-1 -> -5), heroism, very slightly contaminated, slowed,
very slow, somewhat resistant to hostile enchantments, extremely unstealthy
A: retaliatory headbutt, hooves 1, horns 2, blink, deformed body
a: Blink, Heroism, Finesse, Renounce Religion, Evoke Berserk Rage


You were in the Dungeon.
You worshipped Okawaru.
Okawaru was exalted by your worship.
You were not hungry.

You visited 1 branch You collected 50 gold pieces.

Inventory:

Hand Weapons
 z - the +1 demon blade "Paput" {slice, Dex+4}
   (Okawaru gifted it to you in the Dungeon)

   It inflicts extra damage upon your enemies.
   It affects your dexterity (+4).
 C - the +1 morningstar "Zeurixo" {freeze, *Confuse +Fly SInv Stlth-}
   (Okawaru gifted it to you in the Dungeon)

   It has been specially enchanted to freeze those struck by it, causing extra
   injury to most foes and up to half again as much damage against particularly
   susceptible opponents.
   It can also slow down cold-blooded creatures.
   It lets you see invisible.
   It lets you fly.
   It may confuse you when you take damage.
   It makes you less stealthy.
 I - the +1 eveningstar "Tepsorho" {freeze, SInv}
   (Okawaru gifted it to you in the Dungeon)

   It has been specially enchanted to freeze those struck by it, causing extra
   injury to most foes and up to half again as much damage against particularly
   susceptible opponents.
   It can also slow down cold-blooded creatures.
   It lets you see invisible.
 K - the +16 Mace of Variability {chaos}
   (You found it in the Dungeon)

   Each time it hits an enemy it has a different, random effect.
 N - the +1 falchion "Bint" {slice, +Blink rC- Str+3 Dex+2}
   (Okawaru gifted it to you in the Dungeon)

   It inflicts extra damage upon your enemies.
   It affects your strength (+3).
   It affects your dexterity (+2).
   It makes you vulnerable to cold.
   It lets you blink.
 O - the +9 eveningstar "Allyulext" (weapon) {crush, +Rage rN+++ Str-2 Int+2}
   (Okawaru gifted it to you in the Dungeon)

   It inflicts extra damage upon your enemies.
   It affects your strength (-2).
   It affects your intelligence (+2).
   It renders you almost immune to negative energy.
   It lets you go berserk.
Missiles
 s - 5 tomahawks
 t - 2 throwing nets (quivered)
 P - 2 exploding tomahawks
 T - 8 poisoned javelins
Armour
 b - a +1 pair of gloves of archery (worn)
 H - a +1 cloak (worn)
 R - a +1 pair of boots of running (worn)
 X - a +3 gold dragon armour (worn)
 Y - a +0 large shield (worn)
Jewellery
 F - a cursed +3 ring of protection (right hand)
 M - the ring of Royalty (left hand) {EV+2 Str+4}
   (You found it in the Dungeon)

   [ring of evasion]

   It affects your evasion (+2).
   It affects your strength (+4).
Wands
 r - a wand of paralysis (13/24)
 U - a wand of teleportation (6/9)
Scrolls
 o - 6 scrolls of remove curse
 p - 5 scrolls of amnesia
 q - a scroll of summoning
 A - 2 scrolls of fog
 B - a scroll of recharging
 E - a scroll of fear
Potions
 d - 2 potions of might
 e - 9 potions of curing
 g - 9 potions of heal wounds
 h - 3 potions of haste
 i - 4 potions of magic
 j - 6 potions of berserk rage
 n - 2 potions of invisibility
 w - a potion of brilliance
 x - 3 potions of cure mutation
Miscellaneous
 y - an ornate deck of wonders
 L - an ornate deck of changes
 W - a plain deck of changes
Comestibles
 a - 6 royal jellies
 f - 8 bread rations
 l - 41 fruits
 m - 9 meat rations


   Skills:
 + Level 16.8(21.8) Fighting
 - Level 4.0(9.0) Long Blades
 * Level 22.4(27) Maces & Flails
 + Level 9.2(14.2) Throwing
 * Level 22.5(27) Armour
 * Level 19.0(24.0) Dodging
 + Level 19.0(24.0) Shields
 - Level 12.2 Invocations
 + Level 9.7 Evocations


You had 14 spell levels left.
You didn't know any spells.

Dungeon Overview and Level Annotations

Branches:
Dungeon (1/1)

Altars:
Ashenzari
Cheibriados
Dithmenos
Elyvilon
Fedhas
Gozag
Kikubaaqudgha
Makhleb
Nemelex Xobeh
Okawaru
Pakellas
Qazlal
Ru
Sif Muna
Trog
Vehumet
Xom
Yredelemnul
Zin
The Shining One
Beogh
Jiyva
Lugonu


Innate Abilities, Weirdness & Mutations

You reflexively headbutt those who attack you in melee.
You have a pair of horns on your head.
You have large cloven feet.
You can translocate small distances at will.
Armour fits poorly on your strangely shaped body.


Message History

Your body is wracked with pain!
* * * LOW HITPOINT WARNING * * *
The shadow demon gestures.
Drink which item? (? for menu, Esc to quit)
You feel much better.
You feel sick. The hell beast barely misses you.
You block the hell beast's attack. The ancient lich completely misses you.
You furiously retaliate!
You headbutt the ancient lich. You block the Ice Fiend's attack.
The Ice Fiend claws you!
* * * LOW HITPOINT WARNING * * *
The Ice Fiend freezes you! You resist.
* * * LOW HITPOINT WARNING * * *
The Brimstone Fiend calls on the powers of darkness!
The purple draconian convulses!
The vault guard convulses!
Your body is wracked with pain!
* * * LOW HITPOINT WARNING * * *
The hell beast closely misses you. You block the hell beast's attack.
The ancient lich completely misses you. The Ice Fiend gestures at you.
The bolt of cold hits you! You resist.
You die...

++##############..#
)....#[[+...+[[#..#
(....#[[#...#[[#..#
.(#######...####..#
...).#.........#..#
..)))))........#..#
....)#[........#..#
..####.##+###+##..#
###((#.#[[#[[[[#@2#
#((+.#[<#[[[[#L1#
##############'{#
********* ######1L#
,,,,,,,,**#...3d21#
,,,,,,***...#..p1x#
,,,,***,..,*##..3.#
,,***,,,....#.....#
+**,,,,,#.........#


You could see an ancient lich, a Tzitzimitl, a Brimstone Fiend, 2 Ice Fiends, a
purple draconian, a hell beast, a lich, a vault guard, a soul eater, a shadow
demon and a small abomination.

Vanquished Creatures
  An ancient lich (D)
  Xtahua (D)
  A Tzitzimitl (D)
  A hellephant (D)
  A Hell Sentinel (D)
  A deep elf blademaster (D)
  2 frost giants (D)
  A greater naga (D)
  A balrug (D)
  A deep elf sorcerer (D)
  A ghost moth (D)
  4 orc warlords (D)
  An eidolon (D)
  A death ooze (D)
  3 deep elf death magi (D)
  A minotaur (D)
  Josephine (D)
  A fire dragon (D)
  3 vault guards (D)
  2 deep elf high priests (D)
  A hydra (D)
  A naga warrior (D)
  An ice dragon (D)
  Erica (D)
  3 ogre magi (D)
  A merfolk aquamancer (D)
  A death yak (D)
  2 vampire magi (D)
  3 deep elf knights (D)
  A shadow wraith (D)
  A cherub (D)
  A flayed ghost (D)
  A swamp dragon (D)
  A wizard (D)
  A phantasmal warrior (D)
  11 orc knights (D)
  3 orc sorcerers (D)
  A manticore (D)
  A griffon (D)
  A deep elf mage (D)
  A sixfirhy (D)
  2 elephants (D)
  A black mamba (D)
  Maurice (D)
  A molten gargoyle (D)
  A rust devil (D)
  2 spiny frogs (D)
  A komodo dragon (D)
  A yaktaur (D)
  3 rime drakes (D)
  A yaktaur (shapeshifter) (D)
  An ice devil (D)
  2 merfolk (D)
  2 polar bears (D)
  A wind drake (D)
  A giant leech (D)
  2 bog bodies (D)
  5 slime creatures (D)
  A snapping turtle (D)
  3 water elementals (D)
  2 large abominations (D)
  A vampire (D)
  2 wyverns (D)
  5 wraiths (D)
  A basilisk (D)
  2 neqoxecs (D)
  3 vampire mosquitoes (D)
  A warg (D)
  A mottled dragon (D)
  3 hell hounds (D)
  3 water moccasins (D)
  6 orc warriors (D)
  A porcupine (D)
  A sky beast (D)
  An eye of draining (D)
  3 ogres (D)
  3 wolves (D)
  2 centaurs (D)
  2 crocodiles (D)
  A giant frog (D)
  2 gnoll sergeants (D)
  10 wights (D)
  A quasit (D)
  A hound (D)
  4 orc priests (D)
  An iron imp (D)
  An iguana (D)
  A hell rat (D)
  6 orc wizards (D)
  A mummy (D)
  9 gnolls (D)
  A river rat (D)
  An ooze (D)
  An adder zombie (D)
  A giant gecko (D)
  16 orcs (D)
  A bat (D)
  A bat skeleton (D)
  A giant cockroach (D)
  A kobold (D)
  A quokka (D)
  A ball python (D)
  A giant cockroach simulacrum (D)
  A giant gecko skeleton (D)
  A giant gecko zombie (D)
  A jackal simulacrum (D)
  A jackal zombie (D)
  2 rats (D)
213 creatures vanquished.

Vanquished Creatures (others)
  An orc (D)
1 creature vanquished.

Grand Total: 214 creatures vanquished

Notes
Turn   | Place    | Note
--------------------------------------------------------------
     0 | D        | Kidiri the Minotaur Fighter began the quest for the Orb.
     0 | D        | Reached XP level 1. HP: 19/19 MP: 0/0
    15 | D        | Reached skill level 1 in Dodging
    51 | D        | Found a sacrificial altar of Ru.
    51 | D        | Found a basalt altar of Yredelemnul.
    51 | D        | Found a shadowy altar of Dithmenos.
    51 | D        | Found a deep blue altar of Sif Muna.
    51 | D        | Found a burning altar of Makhleb.
    51 | D        | Found a shimmering altar of Xom.
    51 | D        | Found an ancient bone altar of Kikubaaqudgha.
    51 | D        | Found a sparkling altar of Nemelex Xobeh.
    52 | D        | Found a glowing golden altar of the Shining One.
    52 | D        | Found a bloodstained altar of Trog.
    52 | D        | Found a shattered altar of Ashenzari.
    52 | D        | Found a white marble altar of Elyvilon.
    52 | D        | Found a snail-covered altar of Cheibriados.
    52 | D        | Found a blossoming altar of Fedhas.
    52 | D        | Found a radiant altar of Vehumet.
    52 | D        | Found a glowing silver altar of Zin.
    52 | D        | Found a corrupted altar of Lugonu.
    52 | D        | Found a viscous altar of Jiyva.
    52 | D        | Found a roughly hewn altar of Beogh.
    52 | D        | Found an iron altar of Okawaru.
    53 | D        | Found an oddly glowing altar of Pakellas.
    58 | D        | Found a stormy altar of Qazlal.
    58 | D        | Found an opulent altar of Gozag.
    61 | D        | Became a worshipper of Warmaster Okawaru
    89 | D        | Reached XP level 2. HP: 27/27 MP: 1/1
    92 | D        | Reached skill level 1 in Invocations
   186 | D        | Noticed a water moccasin
   186 | D        | Noticed a gnoll sergeant
   186 | D        | Noticed a water moccasin
   191 | D        | Reached skill level 5 in Armour
   191 | D        | Reached skill level 5 in Shields
   195 | D        | Killed a water moccasin
   195 | D        | Reached skill level 5 in Fighting
   195 | D        | Reached skill level 5 in Maces & Flails
   195 | D        | Reached XP level 3. HP: 27/36 MP: 1/4
   195 | D        | Reached XP level 4. HP: 32/42 MP: 1/5
   199 | D        | Killed a gnoll sergeant
   199 | D        | Reached * piety under Okawaru
   199 | D        | Reached XP level 5. HP: 33/49 MP: 1/6
   225 | D        | Killed a water moccasin
   225 | D        | Reached skill level 5 in Dodging
   225 | D        | Reached XP level 6. HP: 25/58 MP: 2/8
   430 | D        | Noticed a merfolk
   449 | D        | Killed a merfolk
   449 | D        | Reached ** piety under Okawaru
   449 | D        | Reached skill level 5 in Invocations
   449 | D        | Reached XP level 7. HP: 24/66 MP: 7/9
   653 | D        | Reached skill level 10 in Armour
   653 | D        | Reached skill level 10 in Shields
   668 | D        | Gained mutation: You have large cloven feet. [mutagenic meat]
   669 | D        | Gained mutation: Armour fits poorly on your strangely shaped body. [mutagenic meat]
   670 | D        | Gained mutation: You can translocate small distances at will. [mutagenic meat]
   696 | D        | Noticed a polar bear
   696 | D        | Noticed a molten gargoyle
   705 | D        | Killed a molten gargoyle
   705 | D        | Reached skill level 10 in Maces & Flails
   705 | D        | Reached XP level 8. HP: 58/74 MP: 7/11
   719 | D        | Killed a polar bear
   901 | D        | Noticed a bog body
   914 | D        | Killed a bog body
   924 | D        | Noticed a manticore
   927 | D        | Reached *** piety under Okawaru
   934 | D        | Killed a manticore
   934 | D        | Reached XP level 9. HP: 83/83 MP: 12/12
   991 | D        | Noticed a merfolk aquamancer
   991 | D        | Noticed a merfolk
  1007 | D        | Killed a merfolk aquamancer
  1007 | D        | Reached **** piety under Okawaru
  1039 | D        | Killed a merfolk
  1039 | D        | Reached ***** piety under Okawaru
  1039 | D        | Reached skill level 10 in Fighting
  1269 | D        | Reached XP level 10. HP: 93/93 MP: 6/13
  1271 | D        | Noticed a flayed ghost
  1286 | D        | Killed a flayed ghost
  1466 | D        | Noticed a deep elf mage
  1480 | D        | Killed a deep elf mage
  1595 | D        | Noticed a spiny frog
  1605 | D        | Killed a spiny frog
  1605 | D        | Received a gift from Okawaru
  1607 | D        | Got a transparent demon blade {god gift}
  1638 | D        | Identified the +1 demon blade "Paput" {slice, Dex+4} (Okawaru gifted it to you in the Dungeon)
  1654 | D        | Reached skill level 10 in Dodging
  1900 | D        | Reached skill level 1 in Long Blades
  1905 | D        | Reached skill level 15 in Shields
  1914 | D        | Reached skill level 15 in Armour
  1926 | D        | Reached XP level 11. HP: 95/102 MP: 9/15
  1940 | D        | Noticed Erica
  1958 | D        | Killed Erica
  1958 | D        | Reached skill level 15 in Maces & Flails
  1965 | D        | Noticed a griffon
  1979 | D        | Killed a griffon
  1986 | D        | Killed a ghost moth
  2107 | D        | Got the ring of Royalty {EV+2 Str+4}
  2359 | D        | Noticed Maurice
  2366 | D        | Killed Maurice
  2373 | D        | Killed a shadow wraith
  2581 | D        | Noticed an orc sorcerer
  2582 | D        | Noticed an orc sorcerer
  2583 | D        | Noticed an orc sorcerer
  2584 | D        | Noticed Saint Roka
  2588 | D        | Killed an orc sorcerer
  2588 | D        | Received a gift from Okawaru
  2589 | D        | Got an encrusted eveningstar {god gift}
  2590 | D        | Killed an orc sorcerer
  2602 | D        | Banished Saint Roka
  2602 | D        | Reached XP level 12. HP: 94/113 MP: 14/18
  2638 | D        | Identified the +9 eveningstar "Allyulext" {crush, +Rage rN+++ Str-2 Int+2} (Okawaru gifted it to you in the Dungeon)
  2917 | D        | Noticed an eidolon
  2934 | D        | Killed an eidolon
  3274 | D        | Noticed an eight-headed hydra
  3282 | D        | Killed an eight-headed hydra
  3282 | D        | Reached skill level 1 in Evocations
  3299 | D        | Noticed a minotaur
  3302 | D        | Received a gift from Okawaru
  3303 | D        | Got a translucent falchion {god gift}
  3304 | D        | Reached skill level 10 in Invocations
  3312 | D        | Killed a minotaur
  3317 | D        | Noticed a balrug
  3319 | D        | Killed a balrug
  3485 | D        | Noticed Josephine
  3492 | D        | Killed Josephine
  3492 | D        | Reached ****** piety under Okawaru
  3509 | D        | Noticed a death yak
  3511 | D        | Killed a death yak
  3511 | D        | Received a gift from Okawaru
  3532 | D        | Reached skill level 1 in Throwing
  3545 | D        | Reached XP level 13. HP: 79/123 MP: 20/20
  3547 | D        | Got the +3 ring mail "Fikhluy" {*Drain Regen+ Str-5 Int+8}
  3596 | D        | Identified the +1 falchion "Bint" {slice, +Blink rC- Str+3 Dex+2} (Okawaru gifted it to you in the Dungeon)
  3696 | D        | Noticed a frost giant
  3696 | D        | Noticed a fire dragon
  3698 | D        | Received a gift from Okawaru
  3720 | D        | Killed a frost giant
  3720 | D        | Reached skill level 15 in Dodging
  3723 | D        | Killed a fire dragon
  3835 | D        | Noticed an orc warlord
  3835 | D        | Noticed an orc warlord
  3846 | D        | Reached skill level 5 in Evocations
  3854 | D        | Killed an orc warlord
  3871 | D        | Killed an orc warlord
  4002 | D        | Noticed a vault guard
  4007 | D        | Noticed an orc warlord
  4012 | D        | Killed a vault guard
  4013 | D        | Noticed a vault guard
  4028 | D        | Killed an orc warlord
  4038 | D        | Killed a vault guard
  4038 | D        | Reached skill level 5 in Throwing
  4054 | D        | Received a gift from Okawaru
  4102 | D        | Noticed a hellephant
  4119 | D        | Killed a hellephant
  4119 | D        | Reached skill level 15 in Fighting
  4168 | D        | Identified a +1 pair of boots of running (You found it in the Dungeon)
  4499 | D        | Noticed a vault guard
  4511 | D        | Killed a vault guard
  4516 | D        | Received a gift from Okawaru
  4521 | D        | Reached XP level 14. HP: 135/135 MP: 15/22
  4522 | D        | Got a fine morningstar {god gift}
  4527 | D        | Noticed a frost giant
  4539 | D        | Killed a frost giant
  4569 | D        | Identified the +1 morningstar "Zeurixo" {freeze, *Confuse +Fly SInv Stlth-} (Okawaru gifted it to you in the Dungeon)
  4739 | D        | Noticed a Tzitzimitl
  4749 | D        | Killed a Tzitzimitl
  4791 | D        | Noticed an ancient lich
  4792 | D        | Noticed a cacodemon
  4811 | D        | Killed an ancient lich
  4821 | D        | Noticed Xtahua
  4826 | D        | Killed Xtahua
  4826 | D        | Received a gift from Okawaru
  4827 | D        | Got a dazzling eveningstar {god gift}
  4828 | D        | Identified the +1 eveningstar "Tepsorho" {freeze, SInv} (Okawaru gifted it to you in the Dungeon)
  4866 | D        | Noticed a Hell Sentinel
  4873 | D        | Killed a Hell Sentinel
  5092 | D        | Noticed an orc warlord
  5094 | D        | Killed an orc warlord
  5178 | D        | Noticed a greater naga
  5178 | D        | Noticed a deep elf sorcerer
  5207 | D        | Killed a deep elf sorcerer
  5219 | D        | Killed a greater naga
  5237 | D        | Received a gift from Okawaru
  5576 | D        | Noticed a lich
  5580 | D        | Noticed a lich
  5581 | D        | Noticed a lich
  5583 | D        | Noticed a deep elf blademaster
  5584 | D        | Noticed an ancient lich
  5586 | D        | Noticed an Ice Fiend
  5586 | D        | Reached XP level 15. HP: 145/145 MP: 16/23
  5600 | D        | Noticed a Brimstone Fiend
  5601 | D        | Killed a deep elf blademaster
  5603 | D        | Noticed a Tzitzimitl
  5605 | D        | Noticed an Ice Fiend
  5608 | D        | Killed from afar by an Ice Fiend

Vault maps used:
D:        pitsprint

Skill      XL: |  1  2  3  4  5  6  7  8  9 10 11 12 13 14 15 |
---------------+----------------------------------------------+-----
Armour         | 4 6 7 8 9 10 12 13 15 17 18 20 22 | 22.5
Dodging        | 1 3 5 6 7 8 10 12 14 16 18 19 | 19.0
Shields        | 4 6 7 8 9 10 12 13 15 16 17 18 19 | 19.0
Maces & Flails | 3 5 6 8 9 10 12 13 14 17 18 20 22 | 22.4
Fighting       | 5 6 7 9 10 11 12 13 15 16 | 16.8
Invocations    | 2 3 4 5 6 7 9 10 12 | 12.2
Long Blades    | 2 4 |  4.0
Evocations     | 4 7 9 |  9.7
Throwing       | 1 5 9 |  9.2

Action                   |  1- 3 |  4- 6 |  7- 9 | 10-12 | 13-15 || total
-------------------------+-------+-------+-------+-------+-------++-------
Melee: Mace              |    19 |       |       |       |       ||    19
       Flail             |    11 |    59 |   113 |   101 |       ||   284
       Headbutt          |     4 |    10 |    31 |    88 |    86 ||   219
       Kick              |       |       |    40 |    67 |       ||   107
       Demon blade       |       |       |       |    99 |       ||    99
       Great mace        |       |       |       |    48 |       ||    48
       Eveningstar       |       |       |       |   117 |   297 ||   414
Throw: Tomahawk          |       |       |     2 |       |       ||     2
       Throwing net      |       |       |     1 |     1 |       ||     2
Invok: Heroism           |       |     2 |     4 |     8 |    10 ||    24
       Finesse           |       |       |     1 |     6 |    10 ||    17
  Use: Potion            |       |     1 |     2 |     1 |     1 ||     5
       Scroll            |       |       |       |       |     5 ||     5
 Stab: Held in net/web   |       |       |     1 |       |       ||     1
       Paralysed         |       |       |       |     1 |       ||     1
  Eat: Chunk             |       |       |     4 |     5 |     2 ||    11
       Fruit             |       |       |     1 |       |       ||     1
       Royal jelly       |       |       |       |     1 |       ||     1
       Meat ration       |       |       |       |     1 |     1 ||     2
Armor: Scale mail        |    14 |       |       |       |       ||    14
       Chain mail        |     3 |    27 |    17 |       |       ||    47
       Plate armour      |       |       |    18 |    83 |     2 ||   103
       Gold dragon armou |       |       |       |       |    52 ||    52
Dodge: Dodged            |    13 |    22 |    31 |   110 |    43 ||   219
Block: Shield            |    12 |    40 |    72 |   130 |    47 ||   301
       Large shield      |       |       |       |       |    80 ||    80
